Diables vs Thunder
(R1)
Created - 28 février 2015 at 19:11
Goals
|
| Diables |
2 |
1 |
0 |
3 |
| Thunder |
0 |
3 |
1 |
4 |
|
Shots
|
| Diables |
19 |
7 |
16 |
42 |
| Thunder |
4 |
7 |
11 |
22 |
|
1st period
1. Diables , Tyler Bozak 28 (Chris Mcallister) at 14:09
2. Diables , Tyler Bozak 29 (Damien Brunner, Brett Maclean) at 14:31 (PP)
Penalties :
David Clarkson (TRO) for Goalie Interference (Minor) at 14:18, Matt Jones (Alm) for Interference (Minor) at 18:46
2nd period
3. Thunder , David Clarkson 13 (Tim Gleason, Tom Pyatt) at 0:12 (PP)
4. Thunder , Pierre-Alexandre Parenteau 24 (Brandon Mashinter, Tim Gleason) at 1:35 (PP)
5. Thunder , Tom Pyatt 27 (Dany Roussin, David Clarkson) at 1:45
6. Diables , Petr Sykora 15 (Andrej Meszaros, Damien Brunner) at 9:13
Penalties :
Martin Grenier (Alm) for Hooking (Minor) at 0:56, Chris Mcallister (Alm) for Hooking (Minor) at 5:21, Tim Gleason (TRO) for Holding (Minor) at 10:37, Damien Brunner (Alm) for Hooking (Minor) at 17:43
3rd period
7. Thunder , David Clarkson 14 (Tom Pyatt) at 10:34 (PP)
Penalties :
Ray Macias (TRO) for Hooking (Minor) at 7:15, Martin Grenier (Alm) for Hooking (Minor) at 10:20, Jannik Hansen (TRO) for Hooking (Minor) at 16:04
Goalie Stats
Allen York (Alm), 18 saves from 22 shots - (0,818), L, 5-10-0, 59:02 minutes
Barry Brust (TRO), 39 saves from 42 shots - (0,929), W, 4-5-2, 60:00 minutes
Players Stats for Diables
Player Name G A P +/- PIM S H SB GA TA FO MP PP MP PK MP
------------------------------------------------------------------------------------
Andrej Meszaros 0 1 1 0 0 2 2 0 1 1 0/0 23:13 3:35 1:18
Brett Maclean 0 1 1 1 0 4 0 3 0 0 0/0 15:16 3:29 0:00
Bryan Rodney 0 0 0 1 0 3 1 2 0 1 0/0 13:27 0:28 0:00
Chris Mcallister 0 1 1 0 2 3 1 1 0 0 1/1 20:22 2:41 1:16
Damien Brunner 0 2 2 0 2 4 3 1 3 1 0/1 19:49 3:15 0:00
J.T. Brown 0 0 0 0 0 1 1 0 0 1 0/0 8:25 0:17 0:00
Jamie Arniel 0 0 0 0 0 2 0 0 0 0 1/4 11:49 0:00 0:55
Justin Schultz 0 0 0 0 0 0 2 2 0 1 0/0 23:15 3:07 4:59
Kellan Lain 0 0 0 1 0 1 0 0 0 0 2/7 14:54 2:38 0:14
Kyle Chipchura 0 0 0 0 0 0 0 0 0 0 6/11 4:09 0:00 4:09
Louis Leblanc 0 0 0 0 0 0 0 0 0 0 1/5 8:08 0:00 0:00
Martin Grenier 0 0 0 0 4 0 1 2 1 0 0/0 25:48 2:35 4:06
Matt Jones 0 0 0 0 2 5 0 2 0 3 0/0 20:55 2:35 2:02
Pavel Valentenko 0 0 0 1 0 2 1 0 0 0 0/0 13:19 0:00 0:09
Petr Sykora 1 0 1 1 0 4 2 1 1 0 1/1 15:52 0:00 4:03
Pierre-Cédric Labrie 0 0 0 0 0 1 0 0 2 0 0/0 11:37 0:24 0:00
Taylor Beck 0 0 0 0 0 1 1 0 0 0 0/0 8:41 0:00 0:27
Tomas Kubalik 0 0 0 0 0 4 1 0 0 0 1/1 13:25 2:31 0:00
Tyler Bozak 2 0 2 0 0 5 3 0 1 1 13/29 21:14 3:15 1:30
Players Stats for Thunder
Player Name G A P +/- PIM S H SB GA TA FO MP PP MP PK MP
------------------------------------------------------------------------------------
Brandon Mashinter 0 1 1 -1 0 0 1 0 0 0 9/21 20:18 2:34 1:44
Brett Festerling 0 0 0 0 0 0 0 0 0 0 0/0 3:42 0:07 0:21
Casey Pierro-Zabotel 0 0 0 -1 0 0 0 0 0 0 1/1 19:48 2:34 1:37
Colby Cohen 0 0 0 0 0 0 0 0 0 0 0/0 0:00 0:00 0:00
Dany Roussin 0 1 1 0 0 3 2 1 0 0 0/0 25:58 3:36 2:30
David Clarkson 2 1 3 0 2 4 0 1 1 1 4/8 25:57 3:34 2:18
David Fischer 0 0 0 0 0 0 0 1 0 0 0/0 6:58 0:00 0:16
Derek Peltier 0 0 0 -1 0 0 0 0 1 2 0/0 19:07 2:08 2:21
Dmitri Orlov 0 0 0 0 0 0 0 0 0 0 0/0 0:00 0:00 0:00
Jannik Hansen 0 0 0 0 2 0 0 0 1 0 0/0 3:43 0:07 0:00
Jeff Finger 0 0 0 0 0 2 1 3 3 0 0/0 26:12 4:09 3:36
Jesse Blacker 0 0 0 0 0 0 0 0 0 0 0/0 0:00 0:00 0:00
Joey Ryan 0 0 0 0 0 0 1 1 0 1 0/0 8:21 0:00 0:00
Kevin Montgomery 0 0 0 0 0 0 0 0 0 0 0/0 6:13 0:00 0:00
Mat Clark 0 0 0 0 0 0 0 0 0 0 0/0 0:00 0:00 0:00
Matt D'Agostini 0 0 0 0 0 1 3 0 2 0 0/0 15:53 0:00 1:38
Pierre-Alexandre Parente 1 0 1 -1 0 5 3 1 0 0 3/3 23:01 2:34 1:38
Ray Macias 0 0 0 -1 2 1 2 0 0 1 0/0 18:00 2:08 1:50
Robin Leblanc 0 0 0 0 0 1 0 0 0 0 0/0 12:26 0:09 0:00
Slava Voynov 0 0 0 0 0 0 1 0 0 1 0/0 9:41 0:00 1:09
Tim Gleason 0 2 2 0 2 3 1 4 1 1 0/0 25:38 4:09 2:55
Tom Pyatt 1 2 3 0 0 2 2 0 0 2 17/27 22:50 3:36 0:47
3 Stars
1 - Tyler Bozak (Alm)
2 - Tom Pyatt (TRO)
3 - David Clarkson (TRO)
Power Play
Diables - 1 on 4 Attempt(s) - 25,00%
Thunder - 3 on 5 Attempt(s) - 60,00%
Penalty Kill
Diables - 2 on 5 Attempt(s) - 40,00%
- Score 0 goal in Penalty Kill
Thunder - 3 on 4 Attempt(s) - 75,00%
- Score 0 goal in Penalty Kill
Team Stat
Diables - Hits : 19 - Faceoff Wins : 26 - Blocked Shots : 14 - Penalty Minutes : 10
Thunder - Hits : 17 - Faceoff Wins : 34 - Blocked Shots : 12 - Penalty Minutes : 8
Official
Referees : Ciamaga Chris and O'Halloran Dan
Linesman : Jonny Murray and Mark Wheler
Game Notes
No Game Note
Finance
Level 1 -- Attendance: 1376 (68,80%) -- Ticket Income 48 160 $
Level 2 -- Attendance: 667 (66,70%) -- Ticket Income 10 005 $
Total Attendance: 2043 (68,10%)
Total Ticket Income: 58 165 $
Other Income: 2 908 $
Total Income: 61 073 $
Diables
5 vs 5 Forward
Center Left Wing Right Wing Time % Phy DF OF
1 Tyler Bozak Chris Mcallister Damien Brunner 40 1 2 2
2 Kellan Lain Brett Maclean Petr Sykora 30 1 2 2
3 Jamie Arniel Pierre-Cédric Labrie Tomas Kubalik 20 1 2 2
4 Louis Leblanc Taylor Beck J.T. Brown 10 1 2 2
5 vs 5 Defense
Defense Defense Time % Phy DF OF
1 Martin Grenier Andrej Meszaros 40 1 2 2
2 Matt Jones Justin Schultz 30 1 2 2
3 Pavel Valentenko Bryan Rodney 20 1 2 2
4 Pavel Valentenko Matt Jones 10 1 2 2
PowerPlay Forward
Center Left Wing Right Wing Time % Phy DF OF
1 Tyler Bozak Brett Maclean Damien Brunner 60 1 2 2
2 Kellan Lain Chris Mcallister Tomas Kubalik 40 1 2 2
PowerPlay Defense
Defense Defense Time % Phy DF OF
1 Justin Schultz Andrej Meszaros 60 1 2 2
2 Matt Jones Martin Grenier 40 1 2 2
Penalty Kill 4 Players Forward
Center Wing Time % Phy DF OF
1 Kyle Chipchura Petr Sykora 60 1 2 2
2 Tyler Bozak Chris Mcallister 40 1 2 2
Penalty Kill 4 Players Defense
Defense Defense Time % Phy DF OF
1 Martin Grenier Justin Schultz 60 1 2 2
2 Andrej Meszaros Matt Jones 40 1 2 2
Penalty Kill - 3 Players Forward
Forward Time % Phy DF OF
1 Kyle Chipchura 60 1 2 2
2 Petr Sykora 40 1 2 2
Penalty Kill - 3 Players Defense
Defense Defense Time % Phy DF OF
1 Martin Grenier Justin Schultz 60 1 2 2
2 Andrej Meszaros Matt Jones 40 1 2 2
4 vs 4 Forward
Center Wing Time % Phy DF OF
1 Kyle Chipchura Petr Sykora 60 1 2 2
2 Tyler Bozak Brett Maclean 40 1 2 2
4 vs 4 Defense
Defense Defense Time % Phy DF OF
1 Martin Grenier Justin Schultz 60 1 2 2
2 Andrej Meszaros Matt Jones 40 1 2 2
Last Minutes Offensive
Center Left Wing Right Wing Defense Defense
Tyler Bozak Chris Mcallister Damien Brunner Martin Grenier Justin Schultz
Last Minutes Defensive
Center Left Wing Right Wing Defense Defense
Tyler Bozak Chris Mcallister Petr Sykora Martin Grenier Justin Schultz
Goaltenders
Starting : Allen York
Backup : Jean-Francois Berube
Extra Forwards
Normal : Pierre-Cédric Labrie, Kellan Lain, Jamie Arniel - PP : Pierre-Cédric Labrie, Kellan Lain - PK : Jamie Arniel
Extra Defensemen
Normal : Bryan Rodney, Andrej Meszaros, Pavel Valentenko - PP : Bryan Rodney - PK : Matt Jones, Pavel Valentenko
Penalty Shots
Kyle Chipchura, Petr Sykora, Tyler Bozak, Brett Maclean, Damien Brunner
Thunder
5 vs 5 Forward
Center Left Wing Right Wing Time % Phy DF OF
1 Tom Pyatt Dany Roussin David Clarkson 40 1 2 2
2 Brandon Mashinter Casey Pierro-Zabotel Pierre-Alexandre Parentea30 1 2 2
3 David Clarkson Dany Roussin Matt D'Agostini 20 1 2 2
4 Pierre-Alexandre ParenteaMatt D'Agostini Robin Leblanc 10 1 2 2
5 vs 5 Defense
Defense Defense Time % Phy DF OF
1 Tim Gleason Jeff Finger 40 1 2 2
2 Derek Peltier Ray Macias 30 1 2 2
3 Joey Ryan Slava Voynov 20 1 2 2
4 David Fischer Kevin Montgomery 10 1 2 2
PowerPlay Forward
Center Left Wing Right Wing Time % Phy DF OF
1 Tom Pyatt Dany Roussin David Clarkson 60 1 2 2
2 Brandon Mashinter Casey Pierro-Zabotel Pierre-Alexandre Parentea40 1 2 2
PowerPlay Defense
Defense Defense Time % Phy DF OF
1 Tim Gleason Jeff Finger 60 1 2 2
2 Derek Peltier Ray Macias 40 1 2 2
Penalty Kill 4 Players Forward
Center Wing Time % Phy DF OF
1 David Clarkson Dany Roussin 60 1 2 2
2 Pierre-Alexandre ParenteaMatt D'Agostini 40 1 2 2
Penalty Kill 4 Players Defense
Defense Defense Time % Phy DF OF
1 Tim Gleason Jeff Finger 60 1 2 2
2 Derek Peltier Ray Macias 40 1 2 2
Penalty Kill - 3 Players Forward
Forward Time % Phy DF OF
1 David Clarkson 60 1 2 2
2 Dany Roussin 40 1 2 2
Penalty Kill - 3 Players Defense
Defense Defense Time % Phy DF OF
1 Tim Gleason Jeff Finger 60 1 2 2
2 Derek Peltier Ray Macias 40 1 2 2
4 vs 4 Forward
Center Wing Time % Phy DF OF
1 David Clarkson Dany Roussin 60 1 2 2
2 Pierre-Alexandre ParenteaMatt D'Agostini 40 1 2 2
4 vs 4 Defense
Defense Defense Time % Phy DF OF
1 Tim Gleason Jeff Finger 60 1 2 2
2 Derek Peltier Ray Macias 40 1 2 2
Last Minutes Offensive
Center Left Wing Right Wing Defense Defense
Tom Pyatt Dany Roussin David Clarkson Tim Gleason Jeff Finger
Last Minutes Defensive
Center Left Wing Right Wing Defense Defense
Tom Pyatt Dany Roussin David Clarkson Tim Gleason Jeff Finger
Goaltenders
Starting : Barry Brust
Backup : Mark Dekanich
Extra Forwards
Normal : Robin Leblanc, Tom Pyatt, Brandon Mashinter - PP : Robin Leblanc, Tom Pyatt - PK : Brandon Mashinter
Extra Defensemen
Normal : Joey Ryan, Slava Voynov, David Fischer - PP : Joey Ryan - PK : Slava Voynov, David Fischer
Penalty Shots
David Clarkson, Dany Roussin, Pierre-Alexandre Parenteau, Matt D'Agostini, Tom Pyatt
% Time on Ice - Diables
Lines # - Real PCT - Wanted PCT - Time Play
Normal Forward
1 - 33% - 40% - 15:29
2 - 26% - 30% - 11:55
3 - 23% - 20% - 10:54
4 - 18% - 10% - 8:08
Normal Defense
1 - 41% - 40% - 19:03
2 - 31% - 30% - 14:13
3 - 24% - 20% - 11:03
4 - 5% - 10% - 2:07
PP Forward
1 - 57% - 60% - 3:32
2 - 43% - 40% - 2:38
PP Defense
1 - 58% - 60% - 3:35
2 - 42% - 40% - 2:35
PK Forward
1 - 76% - 60% - 4:47
2 - 24% - 40% - 1:30
PK Defense
1 - 79% - 60% - 4:59
2 - 21% - 40% - 1:18
PK3 Forward
1 - 0% - 60%
2 - 0% - 40%
PK3 Defense
1 - 0% - 60%
2 - 0% - 40%
44 Forward
1 - 0% - 60%
2 - 0% - 40%
44 Defense
1 - 0% - 60%
2 - 0% - 40%
Last Minute Offensive - 1:07
Last Minute Defensive - 0:00
Total
Forward - 60:00
Defense - 60:00
|
% Time on Ice - Thunder
Lines # - Real PCT - Wanted PCT - Time Play
Normal Forward
1 - 34% - 40% - 15:39
2 - 34% - 30% - 15:36
3 - 12% - 20% - 5:24
4 - 21% - 10% - 9:48
Normal Defense
1 - 39% - 40% - 18:03
2 - 30% - 30% - 14:03
3 - 18% - 20% - 8:21
4 - 13% - 10% - 6:00
PP Forward
1 - 59% - 60% - 3:43
2 - 41% - 40% - 2:34
PP Defense
1 - 66% - 60% - 4:09
2 - 34% - 40% - 2:08
PK Forward
1 - 74% - 60% - 4:32
2 - 26% - 40% - 1:38
PK Defense
1 - 63% - 60% - 3:52
2 - 37% - 40% - 2:18
PK3 Forward
1 - 0% - 60%
2 - 0% - 40%
PK3 Defense
1 - 0% - 60%
2 - 0% - 40%
44 Forward
1 - 0% - 60%
2 - 0% - 40%
44 Defense
1 - 0% - 60%
2 - 0% - 40%
Last Minute Offensive - 0:00
Last Minute Defensive - 1:06
Total
Forward - 60:00
Defense - 60:00
|
Play by Play
1st period
0:01 of 1st period - Tom Pyatt wins face-off versus Tyler Bozak in neutral zone.
0:04 of 1st period - Andrej Meszaros is hit by Dany Roussin and loses puck.
0:13 of 1st period - Slapshot by Tyler Bozak.
0:13 of 1st period - Shot Blocked by David Clarkson.
0:25 of 1st period - Martin Grenier is hit by Tim Gleason and loses puck.
0:30 of 1st period - Slapshot by Pierre-Alexandre Parenteau.
0:30 of 1st period - Shot Misses the Net.
0:48 of 1st period - Wrist shot by Pierre-Alexandre Parenteau.
0:48 of 1st period - Stopped by Allen York without a rebound.
0:49 of 1st period - Pierre-Alexandre Parenteau wins face-off versus Jamie Arniel in Diables zone.
0:55 of 1st period - Matt Jones is hit by Slava Voynov and loses puck.
1:21 of 1st period - Jamie Arniel is hit by Joey Ryan and loses puck.
1:28 of 1st period - Wrist shot by Matt D'Agostini.
1:28 of 1st period - Stopped by Allen York with a rebound.
2:07 of 1st period - Wrist shot by Tomas Kubalik.
2:07 of 1st period - Shot Blocked by Joey Ryan.
2:09 of 1st period - Snap shot by Tomas Kubalik.
2:09 of 1st period - Stopped by Barry Brust without a rebound.
2:10 of 1st period - Tom Pyatt wins face-off versus Tyler Bozak in Thunder zone.
2:59 of 1st period - Snap shot by Tom Pyatt.
2:59 of 1st period - Shot Misses the Net.
3:01 of 1st period - Snap shot by Tim Gleason.
3:01 of 1st period - Stopped by Allen York with a rebound.
3:03 of 1st period - Slapshot by Tim Gleason.
3:03 of 1st period - Stopped by Allen York with a rebound.
3:05 of 1st period - Slapshot by Jeff Finger.
3:05 of 1st period - Shot Blocked by Petr Sykora.
3:07 of 1st period - Slapshot by Tim Gleason.
3:07 of 1st period - Deflect By Tom Pyatt.
3:07 of 1st period - Shot Blocked by Brett Maclean.
3:07 of 1st period - Puck is out of play.
3:08 of 1st period - Brandon Mashinter wins face-off versus Tyler Bozak in Diables zone.
3:10 of 1st period - Icing by Damien Brunner.
3:11 of 1st period - Tyler Bozak wins face-off versus Brandon Mashinter in Diables zone.
3:21 of 1st period - Off-side.
3:22 of 1st period - Tyler Bozak wins face-off versus Brandon Mashinter in neutral zone.
4:59 of 1st period - Off-side.
5:00 of 1st period - Kellan Lain wins face-off versus Brandon Mashinter in neutral zone.
5:25 of 1st period - Matt Jones is hit by Matt D'Agostini and loses puck.
7:39 of 1st period - Casey Pierro-Zabotel is hit by Taylor Beck and loses puck.
9:04 of 1st period - Pierre-Alexandre Parenteau is hit by Petr Sykora.
9:14 of 1st period - Tim Gleason is hit by Damien Brunner and loses puck.
9:39 of 1st period - Jamie Arniel is hit by Matt D'Agostini and loses puck.
10:04 of 1st period - Slapshot by Matt Jones.
10:04 of 1st period - Shot Blocked by Pierre-Alexandre Parenteau.
10:06 of 1st period - Slapshot by Pavel Valentenko.
10:06 of 1st period - Shot Blocked by Jeff Finger.
10:10 of 1st period - Snap shot by Taylor Beck.
10:10 of 1st period - Stopped by Barry Brust with a rebound.
10:12 of 1st period - Slapshot by Pavel Valentenko.
10:12 of 1st period - Deflect By J.T. Brown.
10:12 of 1st period - Shot Misses the Net.
10:12 of 1st period - Puck is out of play.
10:13 of 1st period - David Clarkson wins face-off versus Tyler Bozak in Thunder zone.
10:32 of 1st period - Snap shot by Brett Maclean.
10:32 of 1st period - Stopped by Barry Brust with a rebound.
10:46 of 1st period - David Clarkson is hit by Damien Brunner and loses puck.
11:06 of 1st period - Icing by Brandon Mashinter.
11:07 of 1st period - Kellan Lain wins face-off versus Brandon Mashinter in Thunder zone.
11:16 of 1st period - Wrist shot by Brett Maclean.
11:16 of 1st period - Stopped by Barry Brust with a rebound.
11:34 of 1st period - Derek Peltier is hit by Justin Schultz and loses puck.
11:51 of 1st period - Slapshot by Jamie Arniel.
11:51 of 1st period - Stopped by Barry Brust with a rebound.
11:53 of 1st period - Snap shot by Jamie Arniel.
11:53 of 1st period - Shot Misses the Net.
11:55 of 1st period - Snap shot by Bryan Rodney.
11:55 of 1st period - Stopped by Barry Brust without a rebound.
11:56 of 1st period - Tomas Kubalik wins face-off versus Brandon Mashinter in Thunder zone.
11:57 of 1st period - Snap shot by Andrej Meszaros.
11:57 of 1st period - Stopped by Barry Brust without a rebound.
11:58 of 1st period - Brandon Mashinter wins face-off versus Tyler Bozak in Thunder zone.
12:04 of 1st period - Icing by Chris Mcallister.
12:05 of 1st period - Tyler Bozak wins face-off versus Brandon Mashinter in Diables zone.
12:12 of 1st period - Jeff Finger is hit by Tyler Bozak and loses puck.
12:19 of 1st period - Snap shot by Damien Brunner.
12:19 of 1st period - Stopped by Barry Brust with a rebound.
12:21 of 1st period - Slapshot by Andrej Meszaros.
12:21 of 1st period - Stopped by Barry Brust with a rebound.
12:39 of 1st period - Snap shot by David Clarkson.
12:39 of 1st period - Deflect By Dany Roussin.
12:39 of 1st period - Shot Misses the Net.
12:39 of 1st period - Puck is out of play.
12:40 of 1st period - David Clarkson wins face-off versus Tyler Bozak in Diables zone.
13:06 of 1st period - Brett Maclean is hit by Ray Macias.
13:12 of 1st period - Derek Peltier is hit by Petr Sykora and loses puck.
13:25 of 1st period - Slapshot by Jamie Arniel.
13:25 of 1st period - Shot Misses the Net.
13:27 of 1st period - Slapshot by Matt Jones.
13:27 of 1st period - Stopped by Barry Brust without a rebound.
13:28 of 1st period - Tom Pyatt wins face-off versus Jamie Arniel in Thunder zone.
13:37 of 1st period - Wrist shot by Jamie Arniel.
13:37 of 1st period - Shot Blocked by Tim Gleason.
13:39 of 1st period - Snap shot by Jamie Arniel.
13:39 of 1st period - Stopped by Barry Brust with a rebound.
13:41 of 1st period - Wrist shot by Andrej Meszaros.
13:41 of 1st period - Shot Misses the Net.
13:43 of 1st period - Snap shot by Pierre-Cédric Labrie.
13:43 of 1st period - Shot Misses the Net.
13:45 of 1st period - Snap shot by Jamie Arniel.
13:45 of 1st period - Shot Misses the Net.
13:49 of 1st period - Slapshot by Pierre-Cédric Labrie.
13:49 of 1st period - Shot Misses the Net.
13:55 of 1st period - Slapshot by Pierre-Cédric Labrie.
13:55 of 1st period - Shot Misses the Net.
13:57 of 1st period - Snap shot by Tomas Kubalik.
13:57 of 1st period - Stopped by Barry Brust with a rebound.
13:59 of 1st period - Slapshot by Matt Jones.
13:59 of 1st period - Shot Misses the Net.
14:01 of 1st period - Slapshot by Matt Jones.
14:01 of 1st period - Deflect By Tomas Kubalik.
14:01 of 1st period - Stopped by Barry Brust without a rebound.
14:02 of 1st period - Tyler Bozak wins face-off versus Brandon Mashinter in Thunder zone.
14:03 of 1st period - Wrist shot by Chris Mcallister.
14:03 of 1st period - Shot Misses the Net.
14:07 of 1st period - Slapshot by Chris Mcallister.
14:07 of 1st period - Stopped by Barry Brust with a rebound.
14:09 of 1st period - Snap shot by Tyler Bozak.
14:09 of 1st period - Goal by Tyler Bozak - Diables : 1 - Thunder : 0.
14:10 of 1st period - Chris Mcallister wins face-off versus David Clarkson in neutral zone.
14:18 of 1st period - Minor Penalty to David Clarkson for Goalie Interference.
14:19 of 1st period - Tyler Bozak wins face-off versus Brandon Mashinter in Thunder zone.
14:19 of 1st period - Wrist shot by Brett Maclean.
14:19 of 1st period - Shot Blocked by Dany Roussin.
14:31 of 1st period - Snap shot by Tyler Bozak.
14:31 of 1st period - Goal by Tyler Bozak - Diables : 2 - Thunder : 0.
14:32 of 1st period - Tom Pyatt wins face-off versus Tyler Bozak in neutral zone.
14:37 of 1st period - Damien Brunner is hit by Dany Roussin and loses puck.
17:58 of 1st period - Slapshot by Matt Jones.
17:58 of 1st period - Stopped by Barry Brust without a rebound.
17:59 of 1st period - Petr Sykora wins face-off versus David Clarkson in Thunder zone.
18:24 of 1st period - Brandon Mashinter is hit by Bryan Rodney and loses puck.
18:29 of 1st period - Slapshot by Tomas Kubalik.
18:29 of 1st period - Shot Blocked by Jeff Finger.
18:31 of 1st period - Slapshot by Matt Jones.
18:31 of 1st period - Stopped by Barry Brust with a rebound.
18:46 of 1st period - Minor Penalty to Matt Jones for Interference.
18:47 of 1st period - Kyle Chipchura wins face-off versus Tom Pyatt in Diables zone.
19:25 of 1st period - Snap shot by Petr Sykora.
19:25 of 1st period - Stopped by Barry Brust with a rebound.
Goals for this period are 2 for Diables vs 0 for Thunder.
Shots for this period are 19 for Diables vs 4 for Thunder.
2nd period
0:01 of 2nd period - Tom Pyatt wins face-off versus Kyle Chipchura in neutral zone.
0:12 of 2nd period - Backhand shot by David Clarkson.
0:12 of 2nd period - Goal by David Clarkson - Diables : 2 - Thunder : 1.
0:13 of 2nd period - Tyler Bozak wins face-off versus Tom Pyatt in neutral zone.
0:20 of 2nd period - Slapshot by Damien Brunner.
0:20 of 2nd period - Shot Misses the Net.
0:29 of 2nd period - Off-side.
0:30 of 2nd period - Brandon Mashinter wins face-off versus Kellan Lain in neutral zone.
0:56 of 2nd period - Minor Penalty to Martin Grenier for Hooking.
0:57 of 2nd period - Kyle Chipchura wins face-off versus Tom Pyatt in Diables zone.
1:01 of 2nd period - Wrist shot by David Clarkson.
1:01 of 2nd period - Stopped by Allen York without a rebound.
1:02 of 2nd period - Tom Pyatt wins face-off versus Kyle Chipchura in Diables zone.
1:03 of 2nd period - Wrist shot by David Clarkson.
1:03 of 2nd period - Stopped by Allen York with a rebound.
1:31 of 2nd period - Slapshot by Tim Gleason.
1:31 of 2nd period - Shot Blocked by Matt Jones.
1:33 of 2nd period - Slapshot by Brandon Mashinter.
1:33 of 2nd period - Shot Blocked by Chris Mcallister.
1:35 of 2nd period - Wrist shot by Pierre-Alexandre Parenteau.
1:35 of 2nd period - Goal by Pierre-Alexandre Parenteau - Diables : 2 - Thunder : 2.
1:36 of 2nd period - Tom Pyatt wins face-off versus Damien Brunner in neutral zone.
1:43 of 2nd period - Slapshot by Dany Roussin.
1:43 of 2nd period - Shot Blocked by Damien Brunner.
1:45 of 2nd period - Slapshot by Tom Pyatt.
1:45 of 2nd period - Goal by Tom Pyatt - Diables : 2 - Thunder : 3.
1:46 of 2nd period - Tyler Bozak wins face-off versus Tom Pyatt in neutral zone.
2:28 of 2nd period - Wrist shot by Petr Sykora.
2:28 of 2nd period - Shot Misses the Net.
3:19 of 2nd period - Slapshot by Chris Mcallister.
3:19 of 2nd period - Stopped by Barry Brust with a rebound.
3:37 of 2nd period - Brett Maclean is hit by Tom Pyatt and loses puck.
4:22 of 2nd period - Icing by Casey Pierro-Zabotel.
4:23 of 2nd period - Tom Pyatt wins face-off versus Tyler Bozak in Thunder zone.
5:21 of 2nd period - Minor Penalty to Chris Mcallister for Hooking.
5:22 of 2nd period - Kyle Chipchura wins face-off versus Tom Pyatt in Diables zone.
5:43 of 2nd period - Slapshot by Pierre-Alexandre Parenteau.
5:43 of 2nd period - Stopped by Allen York with a rebound.
5:45 of 2nd period - Slapshot by Jeff Finger.
5:45 of 2nd period - Stopped by Allen York without a rebound.
5:46 of 2nd period - Kyle Chipchura wins face-off versus Brandon Mashinter in Diables zone.
5:46 of 2nd period - Kyle Chipchura is hit by Brandon Mashinter.
5:56 of 2nd period - Off-side.
5:57 of 2nd period - Kyle Chipchura wins face-off versus Tom Pyatt in neutral zone.
6:16 of 2nd period - Snap shot by Pierre-Alexandre Parenteau.
6:16 of 2nd period - Shot Misses the Net.
7:21 of 2nd period - Penalty to Chris Mcallister is over, Chris Mcallister is back on ice.
8:19 of 2nd period - Icing by J.T. Brown.
8:20 of 2nd period - Louis Leblanc wins face-off versus Brandon Mashinter in Diables zone.
8:20 of 2nd period - Louis Leblanc is hit by Pierre-Alexandre Parenteau.
8:28 of 2nd period - Snap shot by Bryan Rodney.
8:28 of 2nd period - Stopped by Barry Brust without a rebound.
8:29 of 2nd period - Tom Pyatt wins face-off versus Kellan Lain in Thunder zone.
9:13 of 2nd period - Backhand shot by Petr Sykora.
9:13 of 2nd period - Goal by Petr Sykora - Diables : 3 - Thunder : 3.
9:14 of 2nd period - Tom Pyatt wins face-off versus Tyler Bozak in neutral zone.
9:19 of 2nd period - Snap shot by Tyler Bozak.
9:19 of 2nd period - Stopped by Barry Brust without a rebound.
9:20 of 2nd period - David Clarkson wins face-off versus Tyler Bozak in Thunder zone.
9:20 of 2nd period - David Clarkson is hit by Tyler Bozak.
9:33 of 2nd period - Slapshot by Justin Schultz.
9:33 of 2nd period - Deflect By Tyler Bozak.
9:33 of 2nd period - Stopped by Barry Brust with a rebound.
9:35 of 2nd period - Slapshot by Matt Jones.
9:35 of 2nd period - Shot Misses the Net.
9:54 of 2nd period - Slapshot by Jeff Finger.
9:54 of 2nd period - Shot Misses the Net.
10:22 of 2nd period - Snap shot by Tomas Kubalik.
10:22 of 2nd period - Shot Blocked by Tim Gleason.
10:37 of 2nd period - Minor Penalty to Tim Gleason for Holding.
10:38 of 2nd period - Pierre-Alexandre Parenteau wins face-off versus Tyler Bozak in Thunder zone.
10:38 of 2nd period - Pierre-Alexandre Parenteau is hit by Damien Brunner.
11:07 of 2nd period - Ray Macias is hit by Tomas Kubalik and loses puck.
12:19 of 2nd period - Matt D'Agostini is hit by Andrej Meszaros and loses puck.
12:37 of 2nd period - Penalty to Tim Gleason is over, Tim Gleason is back on ice.
16:40 of 2nd period - Jeff Finger is hit by Pavel Valentenko and loses puck.
17:09 of 2nd period - Wrist shot by Bryan Rodney.
17:09 of 2nd period - Stopped by Barry Brust with a rebound.
17:11 of 2nd period - Slapshot by Pavel Valentenko.
17:11 of 2nd period - Deflect By Brett Maclean.
17:11 of 2nd period - Stopped by Barry Brust without a rebound.
17:12 of 2nd period - Brandon Mashinter wins face-off versus Kellan Lain in Thunder zone.
17:43 of 2nd period - Minor Penalty to Damien Brunner for Hooking.
17:44 of 2nd period - Kyle Chipchura wins face-off versus Brandon Mashinter in Diables zone.
18:11 of 2nd period - Justin Schultz is hit by Tom Pyatt and loses puck.
18:18 of 2nd period - Snap shot by Tom Pyatt.
18:18 of 2nd period - Shot Blocked by Justin Schultz.
18:20 of 2nd period - Snap shot by Dany Roussin.
18:20 of 2nd period - Shot Blocked by Martin Grenier.
18:22 of 2nd period - Slapshot by Ray Macias.
18:22 of 2nd period - Shot Blocked by Justin Schultz.
18:24 of 2nd period - Snap shot by Tom Pyatt.
18:24 of 2nd period - Shot Blocked by Martin Grenier.
19:43 of 2nd period - Penalty to Damien Brunner is over, Damien Brunner is back on ice.
Goals for this period are 1 for Diables vs 3 for Thunder.
Shots for this period are 7 for Diables vs 7 for Thunder.
3rd period
0:01 of 3rd period - Tyler Bozak wins face-off versus Tom Pyatt in neutral zone.
0:16 of 3rd period - Slapshot by Chris Mcallister.
0:16 of 3rd period - Stopped by Barry Brust with a rebound.
0:26 of 3rd period - Andrej Meszaros is hit by Pierre-Alexandre Parenteau and loses puck.
0:35 of 3rd period - Slapshot by Petr Sykora.
0:35 of 3rd period - Shot Blocked by Tim Gleason.
1:09 of 3rd period - Wrist shot by Chris Mcallister.
1:09 of 3rd period - Shot Misses the Net.
1:28 of 3rd period - Icing by Bryan Rodney.
1:29 of 3rd period - Casey Pierro-Zabotel wins face-off versus Kellan Lain in Diables zone.
1:36 of 3rd period - Wrist shot by David Clarkson.
1:36 of 3rd period - Shot Blocked by Brett Maclean.
1:38 of 3rd period - Wrist shot by Casey Pierro-Zabotel.
1:38 of 3rd period - Shot Blocked by Bryan Rodney.
1:54 of 3rd period - Snap shot by Damien Brunner.
1:54 of 3rd period - Stopped by Barry Brust without a rebound.
1:55 of 3rd period - Tyler Bozak wins face-off versus Tom Pyatt in Thunder zone.
3:20 of 3rd period - Slapshot by Petr Sykora.
3:20 of 3rd period - Stopped by Barry Brust with a rebound.
3:36 of 3rd period - Slapshot by Matt Jones.
3:36 of 3rd period - Stopped by Barry Brust without a rebound.
3:37 of 3rd period - Brandon Mashinter wins face-off versus Louis Leblanc in Thunder zone.
4:00 of 3rd period - Andrej Meszaros is hit by Matt D'Agostini and loses puck.
4:50 of 3rd period - Slapshot by Martin Grenier.
4:50 of 3rd period - Shot Misses the Net.
5:01 of 3rd period - Off-side.
5:02 of 3rd period - Jamie Arniel wins face-off versus Brandon Mashinter in neutral zone.
5:09 of 3rd period - Slapshot by Matt Jones.
5:09 of 3rd period - Shot Misses the Net.
5:49 of 3rd period - Wrist shot by Chris Mcallister.
5:49 of 3rd period - Shot Blocked by Tim Gleason.
6:01 of 3rd period - Tim Gleason is hit by Tyler Bozak and loses puck.
6:21 of 3rd period - Wrist shot by Jamie Arniel.
6:21 of 3rd period - Shot Blocked by David Fischer.
6:23 of 3rd period - Slapshot by Matt Jones.
6:23 of 3rd period - Stopped by Barry Brust with a rebound.
6:25 of 3rd period - Slapshot by Matt Jones.
6:25 of 3rd period - Deflect By Tomas Kubalik.
6:25 of 3rd period - Stopped by Barry Brust with a rebound.
6:27 of 3rd period - Slapshot by Pierre-Cédric Labrie.
6:27 of 3rd period - Stopped by Barry Brust with a rebound.
7:07 of 3rd period - Slapshot by J.T. Brown.
7:07 of 3rd period - Stopped by Barry Brust with a rebound.
7:11 of 3rd period - Snap shot by Damien Brunner.
7:11 of 3rd period - Stopped by Barry Brust with a rebound.
7:13 of 3rd period - Slapshot by Pavel Valentenko.
7:13 of 3rd period - Stopped by Barry Brust with a rebound.
7:15 of 3rd period - Minor Penalty to Ray Macias for Hooking.
7:16 of 3rd period - Tyler Bozak wins face-off versus David Clarkson in Thunder zone.
7:50 of 3rd period - Slapshot by Martin Grenier.
7:50 of 3rd period - Shot Misses the Net.
7:52 of 3rd period - Snap shot by Kellan Lain.
7:52 of 3rd period - Deflect By Tim Gleason.
7:52 of 3rd period - Stopped by Barry Brust with a rebound.
8:08 of 3rd period - Tyler Bozak is hit by Pierre-Alexandre Parenteau and loses puck.
9:15 of 3rd period - Penalty to Ray Macias is over, Ray Macias is back on ice.
9:23 of 3rd period - Snap shot by Ray Macias.
9:23 of 3rd period - Shot Blocked by Brett Maclean.
9:25 of 3rd period - Snap shot by Tom Pyatt.
9:25 of 3rd period - Stopped by Allen York without a rebound.
9:26 of 3rd period - Pierre-Alexandre Parenteau wins face-off versus Louis Leblanc in Diables zone.
9:39 of 3rd period - Wrist shot by Pierre-Alexandre Parenteau.
9:39 of 3rd period - Shot Blocked by Bryan Rodney.
9:41 of 3rd period - Backhand shot by Robin Leblanc.
9:41 of 3rd period - Stopped by Allen York without a rebound.
9:42 of 3rd period - Tom Pyatt wins face-off versus Jamie Arniel in Diables zone.
9:43 of 3rd period - Wrist shot by Dany Roussin.
9:43 of 3rd period - Stopped by Allen York with a rebound.
9:53 of 3rd period - Off-side.
9:54 of 3rd period - Tom Pyatt wins face-off versus Tyler Bozak in neutral zone.
10:20 of 3rd period - Minor Penalty to Martin Grenier for Hooking.
10:21 of 3rd period - David Clarkson wins face-off versus Kyle Chipchura in Diables zone.
10:22 of 3rd period - Wrist shot by Tom Pyatt.
10:22 of 3rd period - Shot Blocked by Matt Jones.
10:24 of 3rd period - Slapshot by Jeff Finger.
10:24 of 3rd period - Stopped by Allen York with a rebound.
10:26 of 3rd period - Wrist shot by David Clarkson.
10:26 of 3rd period - Shot Misses the Net.
10:28 of 3rd period - Snap shot by Tom Pyatt.
10:28 of 3rd period - Deflect By David Clarkson.
10:28 of 3rd period - Shot Misses the Net.
10:28 of 3rd period - Puck is out of play.
10:29 of 3rd period - Tom Pyatt wins face-off versus Kyle Chipchura in Diables zone.
10:32 of 3rd period - Wrist shot by Tom Pyatt.
10:32 of 3rd period - Deflect By Dany Roussin.
10:32 of 3rd period - Stopped by Allen York without a rebound.
10:33 of 3rd period - Tom Pyatt wins face-off versus Kyle Chipchura in Diables zone.
10:34 of 3rd period - Snap shot by David Clarkson.
10:34 of 3rd period - Goal by David Clarkson - Diables : 3 - Thunder : 4.
10:35 of 3rd period - Tom Pyatt wins face-off versus Tyler Bozak in neutral zone.
11:00 of 3rd period - Martin Grenier is hit by Jeff Finger and loses puck.
11:09 of 3rd period - Wrist shot by Petr Sykora.
11:09 of 3rd period - Stopped by Barry Brust without a rebound.
11:10 of 3rd period - Brandon Mashinter wins face-off versus Tyler Bozak in Thunder zone.
11:10 of 3rd period - Brandon Mashinter is hit by Justin Schultz.
11:24 of 3rd period - Icing by Casey Pierro-Zabotel.
11:25 of 3rd period - Brandon Mashinter wins face-off versus Kellan Lain in Thunder zone.
11:25 of 3rd period - Brandon Mashinter is hit by Andrej Meszaros.
11:39 of 3rd period - Snap shot by Pierre-Alexandre Parenteau.
11:39 of 3rd period - Stopped by Allen York with a rebound.
11:47 of 3rd period - Slapshot by Ray Macias.
11:47 of 3rd period - Stopped by Allen York without a rebound.
11:48 of 3rd period - Tom Pyatt wins face-off versus Tyler Bozak in Diables zone.
11:49 of 3rd period - Snap shot by Dany Roussin.
11:49 of 3rd period - Stopped by Allen York with a rebound.
12:49 of 3rd period - Andrej Meszaros is hit by Ray Macias and loses puck.
13:09 of 3rd period - Icing by Ray Macias.
13:10 of 3rd period - Brandon Mashinter wins face-off versus Tyler Bozak in Thunder zone.
13:41 of 3rd period - Snap shot by Brett Maclean.
13:41 of 3rd period - Stopped by Barry Brust with a rebound.
13:43 of 3rd period - Snap shot by Petr Sykora.
13:43 of 3rd period - Shot Misses the Net.
13:45 of 3rd period - Slapshot by Pavel Valentenko.
13:45 of 3rd period - Stopped by Barry Brust with a rebound.
15:17 of 3rd period - Icing by David Fischer.
15:18 of 3rd period - Tom Pyatt wins face-off versus Louis Leblanc in Thunder zone.
15:34 of 3rd period - Slapshot by Martin Grenier.
15:34 of 3rd period - Shot Misses the Net.
15:53 of 3rd period - Backhand shot by J.T. Brown.
15:53 of 3rd period - Shot Misses the Net.
16:04 of 3rd period - Minor Penalty to Jannik Hansen for Hooking.
16:05 of 3rd period - Tyler Bozak wins face-off versus David Clarkson in Thunder zone.
16:35 of 3rd period - Wrist shot by Kellan Lain.
16:35 of 3rd period - Shot Blocked by Jeff Finger.
17:55 of 3rd period - Tim Gleason is hit by Martin Grenier and loses puck.
18:04 of 3rd period - Penalty to Jannik Hansen is over, Jannik Hansen is back on ice.
18:08 of 3rd period - Slapshot by Tim Gleason.
18:08 of 3rd period - Stopped by Allen York without a rebound.
18:09 of 3rd period - Brandon Mashinter wins face-off versus Louis Leblanc in Diables zone.
18:16 of 3rd period - Slava Voynov is hit by J.T. Brown and loses puck.
18:24 of 3rd period - Wrist shot by Pierre-Alexandre Parenteau.
18:24 of 3rd period - Stopped by Allen York with a rebound.
19:02 of 3rd period - Diables, Allen York is pulled from the net.
19:06 of 3rd period - Slapshot by Damien Brunner.
19:06 of 3rd period - Stopped by Barry Brust without a rebound.
19:07 of 3rd period - Benoit Groulx call a timeout for Diables.
19:07 of 3rd period - Tyler Bozak wins face-off versus Tom Pyatt in Thunder zone.
19:12 of 3rd period - Snap shot by Tyler Bozak.
19:12 of 3rd period - Stopped by Barry Brust without a rebound.
19:13 of 3rd period - Tyler Bozak wins face-off versus Tom Pyatt in Thunder zone.
19:32 of 3rd period - Dany Roussin is hit by Chris Mcallister and loses puck.
19:41 of 3rd period - Snap shot by Tom Pyatt.
19:41 of 3rd period - Shot Misses the Net.
19:47 of 3rd period - Snap shot by Dany Roussin.
19:47 of 3rd period - Shot Misses the Net.
19:59 of 3rd period - Wrist shot by Tyler Bozak.
19:59 of 3rd period - Shot Misses the Net.
Goals for this period are 0 for Diables vs 1 for Thunder.
Shots for this period are 16 for Diables vs 11 for Thunder.
Output by the SimonT Hockey Simulator (STHS) for François Prévost -- Original Page W3C XHTML 1.0 Valid